 Dungeon Crawl Stone Soup version 0.27-a0-328-g7f782ed93a (webtiles) character file.

Game seed: 7517648879837878331

518969 Chiseanne the Stormcaller (level 24, -20/261 (267) HPs)
             Began as a Demonspawn Hedge Wizard on Nov 11, 2020.
             Was an Initiate of Gozag.
             Killed from afar by a lich (27 damage)
             ... with a bolt of acid
             ... on level 3 of the Crypt on Feb 11, 2021.
             The game lasted 07:24:10 (100624 turns).

Chiseanne the Stormcaller (DsWz)                  Turns: 100624, Time: 07:24:10

HP:   -20/261 (267) AC: 10    Str: 13    XL:     24   Next: 58%
MP:   0/42          EV: 16    Int: 34    God:    Gozag
Gold: 1437          SH: 24    Dex: 18    Spells: 15/53 levels left

rFire    + . .     SeeInvis +   d - +5 quick blade (elec)
rCold    + . .     Faith    .   i - +4 tower shield of the Sneaky Princes {rPois SInv}
rNeg     + . .     Spirit   +   q - +0 leather armour "Sifoch" {rC+ rN+ Int+4}
rPois    +         Reflect  .   (helmet unavailable)
rElec    .         Harm     .   k - +2 cloak {Will+}
rCorr    .         Rampage  .   g - +2 pair of gloves {Dex+3}
Will     ++...                  c - +2 pair of boots {Fly}
Stlth    ..........             B - amulet of Qiemawk {RegenMP Str+3}
HPRegen  0.53/turn              Q - ring of protection from fire
MPRegen  0.81/turn              N - +6 ring of intelligence

@: mighty, berserking (expiring), silence (expiring), marked, corroded, gold
aura, flying, hasted, studying 3 skills, lightly drained, very quick
A: horns 3, powered by death 2, weak 1, augmentation 3, magic shield, magic
regeneration, sturdy frame 3
}: 2/15 runes: decaying, gossamer
a: Stop Flying, Renounce Religion


You were on level 3 of the Crypt.
You worshipped Gozag.
Gozag was most pleased with you.
You visited 10 branches of the dungeon, and saw 47 of its levels.
You also visited: Bailey.

You collected 25043 gold pieces.
You spent 8399 gold pieces at shops.
You paid 15207 gold pieces to Gozag.

Inventory:

Hand Weapons
 a - the +7 captain's cutlass {speed, disarm}
   (You bought it in a shop on level 13 of the Dungeon)

   Attacks with this weapon are significantly faster.
 d - a +5 quick blade of electrocution (weapon)
 f - the +8 long sword "Mawelup" {vamp, rN+ Str+4}
   (You found it on level 1 of the Lair of Beasts)

   It inflicts no extra harm, but heals its wielder when it wounds a living foe.
   It affects your strength (+4).
   It protects you from negative energy.
 s - a +7 rapier of venom
 E - the +1 rapier of Courage {freeze, Str+6 Int+3}
   (You took it off a boggart on level 4 of the Depths)

   It has been specially enchanted to freeze those struck by it, causing extra
   injury to most foes and up to half again as much damage against particularly
   susceptible opponents.
   It can also slow down cold-blooded creatures.
   It affects your strength (+6).
   It affects your intelligence (+3).
Missiles
 W - 3 curare-tipped darts (quivered)
Armour
 c - a +2 pair of boots of flying (worn)
 g - a +2 pair of gloves of dexterity (worn)
 i - the +4 tower shield of the Sneaky Princes (worn) {rPois SInv}
   (You bought it in a shop on level 15 of the Dungeon)

   It protects you from poison.
   It lets you see invisible.
 k - a +2 cloak of willpower (worn)
 q - the +0 leather armour "Sifoch" (worn) {rC+ rN+ Int+4}
   (You found it on level 15 of the Dungeon)

   It affects your intelligence (+4).
   It protects you from cold.
   It protects you from negative energy.
Magical Staves
 y - a staff of cold
Jewellery
 n - an amulet of regeneration
 r - an amulet of the acrobat
 v - an amulet of reflection
 B - the amulet of Qiemawk (around neck) {RegenMP Str+3}
   (You acquired it on level 4 of the Depths)

   [amulet of magic regeneration]

   It increases your magic regeneration.
   It affects your strength (+3).
 N - a +6 ring of intelligence (right hand)
 Q - a ring of protection from fire (left hand)
 V - the ring "Jiuhyiru" {rN+ Int+6 Dex+4}
   (You took it off a deep elf zephyrmancer on level 3 of the Elven Halls)

   [ring of intelligence]

   It affects your intelligence (+6).
   It affects your dexterity (+4).
   It protects you from negative energy.
 Z - the amulet of the Four Winds {rN+ Will+++ Clar}
   (You took it off a deep elf zephyrmancer on level 3 of the Elven Halls)

   [amulet of nothing]

   It protects you from negative energy.
   It affects your willpower, your defense against some magical effects.
   It protects you against confusion.
Wands
 h - a wand of digging (8)
 j - a wand of charming (1)
 H - a wand of mindburst (20)
 L - a wand of flame (40)
 O - a wand of acid (9)
 S - a wand of paralysis (12)
Scrolls
 e - a scroll of silence
 p - 4 scrolls of immolation
 t - 3 scrolls of teleportation
 u - a scroll of summoning
 w - 3 scrolls of fear
 z - a scroll of blinking
 A - a scroll of enchant armour
 D - 19 scrolls of removedness
 F - 6 scrolls of fog
 G - 7 scrolls of magic mapping
 K - 28 scrolls of identify
 R - 3 scrolls of amnesia
Potions
 b - 7 potions of cancellation
 l - 5 potions of resistance
 o - 13 potions of curing
 I - 2 potions of flight
 P - a potion of berserk rage
 T - a potion of haste
 U - a potion of brilliance
Miscellaneous
 x - a phantom mirror
 C - a condenser vane
 M - a phial of floods
 X - a box of beasts
 Y - a tin of tremorstones (2/2)


   Skills:
 - Level 12.2 Fighting
 - Level 7.5 Armour
 - Level 7.4 Dodging
 - Level 1.7 Stealth
 - Level 17.2 Shields
 - Level 15.0 Spellcasting
 - Level 13.4 Conjurations
 - Level 1.0 Summonings
 - Level 5.0 Necromancy
 - Level 5.0 Translocations
 + Level 8.9 Transmutations
 - Level 5.0 Fire Magic
 - Level 12.0 Ice Magic
 - Level 18.1 Air Magic
 - Level 16.9 Earth Magic


You had 15 spell levels left.
You knew the following spells:

 Your Spells              Type           Power        Failure   Level
a - Magic Dart            Conj           100%         1%          1
b - Stone Arrow           Conj/Erth      100%         1%          3
c - Blink                 Tloc           N/A          1%          2
d - Mephitic Cloud        Conj/Pois/Air  77%          1%          3
e - Static Discharge      Conj/Air       93%          1%          3
f - Bolt of Magma         Conj/Fire/Erth 40%          1%          5
g - Freezing Cloud        Conj/Ice/Air   45%          1%          6
h - Borgnjor's Vile Clut  Necr/Erth      39%          1%          5
i - Statue Form           Tmut/Erth      56%          3%          6
k - Hailstorm             Conj/Ice       84%          1%          4

Your spell library contained the following spells:

 Spells                   Type           Power        Failure   Level
 Sandblast                Erth           100%         0%          1
 Swiftness                Air            99%          0%          2
 Animate Skeleton         Necr           100%         1%          1
 Apportation              Tloc           100%         1%          1
 Beastly Appendage        Tmut           100%         1%          1
 Foxfire                  Conj/Fire      100%         1%          1
 Freeze                   Ice            100%         1%          1
 Pain                     Necr           100%         1%          1
 Sting                    Tmut/Pois      100%         1%          1
 Ensorcelled Hibernation  Hex/Ice        100%         1%          2
 Passwall                 Tmut/Erth      70%          1%          2
 Poisonous Vapours        Pois/Air       100%         1%          2
 Searing Ray              Conj           100%         1%          2
 Wereblood                Tmut           72%          1%          2
 Conjure Flame            Conj/Fire      73%          1%          3
 Dazzling Flash           Conj/Hex       100%         1%          3
 Frozen Ramparts          Ice            100%         1%          3
 Gell's Gravitas          Tloc           28%          1%          3
 Ignite Poison            Fire/Tmut/Pois 54%          1%          3
 Lesser Beckoning         Tloc           28%          1%          3
 Ozocubu's Armour         Ice            82%          1%          3
 Spider Form              Tmut/Pois      27%          1%          3
 Vampiric Draining        Necr           28%          1%          3
 Ice Form                 Ice/Tmut       77%          1%          4
 Iskenderun's Mystic Bla  Conj/Tloc      73%          1%          4
 Petrify                  Tmut/Erth      85%          1%          4
 Summon Lightning Spire   Summ/Air       74%          1%          4
 Irradiate                Conj/Tmut      40%          1%          5
 Lee's Rapid Deconstruct  Erth           48%          1%          5
 Lightning Bolt           Conj/Air       46%          1%          5
 Conjure Ball Lightning   Conj/Air       46%          1%          6
 Summon Small Mammal      Summ           100%         2%          1
 Fulminant Prism          Conj/Hex       31%          2%          4
 Silence                  Hex/Air        36%          2%          5
 Summon Ice Beast         Ice/Summ       63%          3%          4
 Blade Hands              Tmut           36%          3%          5
 Corona                   Hex            27%          4%          1
 Call Imp                 Summ           32%          4%          2
 Animate Dead             Necr           28%          5%          4
 Passage of Golubria      Tloc           N/A          5%          4
 Slow                     Hex            25%          6%          2
 Call Canine Familiar     Summ           32%          9%          3
 Metabolic Englaciation   Hex/Ice        30%          10%         5
 Summon Guardian Golem    Hex/Summ       28%          11%         3
 Confusing Touch          Hex            25%          13%         3
 Tukima's Dance           Hex            25%          13%         3
 Agony                    Necr           56%          16%         5
 Hydra Form               Tmut           36%          17%         6
 Alistair's Intoxication  Tmut/Pois      36%          19%         5
 Yara's Violent Unravell  Hex/Tmut       27%          19%         5
 Simulacrum               Ice/Necr       35%          21%         6
 Cause Fear               Hex            12%          38%         4
 Olgreb's Toxic Radiance  Pois           25%          38%         4
 Death Channel            Necr           28%          63%         6
 Dragon Form              Tmut           36%          67%         7
 Tornado                  Air            49%          94%         9
 Invisibility             Hex            25%          100%        6
 Discord                  Hex            12%          100%        8
 Ignition                 Fire           28%          100%        8


Dungeon Overview and Level Annotations

Branches:
Dungeon (15/15)            Temple (1/1) D:5            Lair (6/6) D:8
  Swamp (4/4) Lair:2       Spider (4/4) Lair:3        Slime (0/5) Lair:5
    Orc (2/2) D:10            Elf (3/3) Orc:2        Vaults (4/5) D:13
  Crypt (3/3) Vaults:3       Tomb (0/3) Crypt:3      Depths (5/5) D:15
    Zot (0/5) Depths:5     Bailey (visited)

Altars:
Ashenzari
Cheibriados
Dithmenos
Elyvilon
Gozag
Hepliaklqana
Kikubaaqudgha
Makhleb
Nemelex Xobeh
Okawaru
Qazlal
Ru
Sif Muna
Trog
Uskayaw
Vehumet
Wu Jian
Xom
Yredelemnul
Zin
The Shining One
Beogh
Jiyva

Shops:
D:6 ?   D:8 (   D:13 (   D:15 ([[[[[[=   Orc:2 *[[(   Elf:3 :=   Vaults:2 :
Depths:1 ?   Depths:4 :   Depths:5 x*[

Portals:
Hell: Depths:1 Depths:2 Depths:3 Depths:4 Depths:5
Abyss: Depths:4 Depths:5
Pandemonium: Depths:3
Ziggurat: Depths:3

Annotations:
D:6 3 runed translucent doors, glosham's ghost, weakling FoDe
D:13 1 runed translucent door, exclusion: 3 doors, glosham's ghost, journeyman FoDe
Lair:1 2 transporters, stillor's ghost, journeyman OpTm
Lair:5 Sickboy's ghost, journeyman MiFi
Swamp:4 Mara
Spider:1 1 runed translucent door, Nuosuj's ghost, adept OgHu
Orc:2 exclusion: upstairs
Elf:2 5 runed translucent doors
Crypt:2 Khufu
Depths:1 1 runed translucent door, exclusion: orange crystal statue
Depths:4 1 runed translucent door, Tacsoot's ghost, adept DrGl


Innate Abilities, Weirdness & Mutations

You have a pair of large horns on your head.
You regenerate health from kills.
Your magical and physical power is greatly enhanced at high health.
When hurt, damage is shared between your health and your magic reserves.
You regenerate magic rapidly.
Your movements are significantly less encumbered by armour. (ER -6)
You are weak. (Str -2)


Message History

You puncture the lich! Lightning courses through the lich!
The lich is almost destroyed.
The lich touches you but does no damage.
The dread lich touches you. You partially resist.
You feel drained. The lich casts a spell at you. The crystal spear hits you!!
* * * LOW HITPOINT WARNING * * *
You hit the lich but do no damage. Lightning courses through the lich!
You headbutt the lich.
You destroy the lich!
You block the lich's attack.
The dread lich becomes distracted by the nearby gold, dreaming of imaginary riches.
You block the reaper's attack. The Hell Sentinel hits you.
* * * LOW HITPOINT WARNING * * *
You block the Hell Sentinel's attack.
You hit the lich. Lightning courses through the lich!
The lich is lightly damaged.
The lich casts a spell at you. The bolt of acid hits you!!
* * * LOW HITPOINT WARNING * * *
The acid corrodes you!
You are splashed with acid!
* * * LOW HITPOINT WARNING * * *
A phantasmal warrior comes into view.
You closely miss the dread lich.
The dread lich is no longer distracted by gold.
The dread lich is lightly damaged.
The Hell Sentinel hits you.
* * * LOW HITPOINT WARNING * * *
The Hell Sentinel hits you but does no damage.
The lich completely misses you. You block the dread lich's attack.
You are too berserk!
You closely miss the dread lich.
The dread lich is lightly damaged.
You block the reaper's attack. You block the Hell Sentinel's attack.
The Hell Sentinel hits you!!
* * * LOW HITPOINT WARNING * * *
The lich gestures at you while chanting.
The bolt of acid hits you!!
You die...
Your body crumbles into a pile of gold.

#..)))).).................!.
#.#####..####....####....)##
#.# ..W..................#
#.#.......................#
#.#..#################...##
..#..#≈≈≈≈§≈§§≈§§≈≈§ #...#
..#. #§≈≈§§§§§§≈≈≈§§ #...#
..# #§≈≈≈§)12|§.§≈≈≈#...#
#≈≈..$@L)))$..≈≈#...#
#≈...$(L)=/....≈#...#
#..............##...#
#....8.###.8... #...#
#......^^^^.... #.^##
#######'''#######..#
#.....).....##...#
#...........##..##
###.......###...#


You could see a Hell Sentinel (summoned), a dread lich (fast), a lich (fast,
invisible), a reaper (summoned) and a phantasmal warrior.

Vanquished Creatures
  A dread lich (Crypt:3)
  A royal mummy (Crypt:2)
  A juggernaut (Depths:4)
  Margery (Depths:4)
  5 caustic shrikes
  A curse toe (Crypt:3)
  3 golden dragons
  Arachne (Spider:3)
  8 liches
  Asterion (Elf:3)
  3 quicksilver dragons
  2 deep elf blademasters (Elf:3)
  A tentacled monstrosity (Depths:2)
  A titan (Depths:3)
  2 deep elf master archers (Elf:3)
  7 ancient champions
  4 sphinxes
  4 thorn hunters
  4 tengu reavers
  5 shadow dragons
  9 fire giants
  3 revenants
  6 ghost moths
  7 deep elf sorcerers
  9 vault wardens
  Aizul (Lair:3)
  An orc warlord (D:10)
  Louise (Elf:1)
  A draconian knight (Depths:5)
  6 frost giants
  4 deep elf elementalists (Elf:3)
  3 emperor scorpions
  2 ghouls (Crypt:2)
  14 ironheart preservers
  5 curse skulls
  15 stone giants
  2 entropy weavers
  12 very ugly things
  A draconian stormcaller (Depths:5)
  3 spriggan defenders
  12 vampire knights
  2 grey draconians (Depths:5)
  4 deep elf demonologists
  2 green draconians (Depths:5)
  5 deep elf annihilators
  2 purple draconians (Depths:5)
  2 white draconians (Depths:5)
  A spark wasp (shapeshifter) (Depths:3)
  6 bunyips
  9 spark wasps
  3 eleionomae
  12 deep elf death magi
  Snorg (D:10)
  3 eidola
  A merfolk impaler (Depths:4)
  12 ettins
  4 jiangshi
  8 great orbs of eyes
  10 yaktaur captains
  8 deep elf high priests
  2 merfolk javelineers (Depths:2)
  6 rakshasas
  A quicksilver dragon skeleton (Crypt:3)
  A servant of whispers (Vaults:4)
  12 fire dragons
  5 spriggan air magi
  13 ice dragons
  2 ghost crabs
  13 hydras
  7 vault guards
  7 boulder beetles
  2 death knights
  12 centaur warriors
  40 two-headed ogres
  3 alligators
  16 ogre magi
  Erica (D:9)
  3 death yaks (Lair:4)
  6 deep troll shamans
  5 orc high priests
  An anaconda (shapeshifter) (Vaults:2)
  8 deep troll earth magi
  3 goliath frogs
  3 soul eaters
  Nergalle (D:12)
  6 spriggan berserkers
  5 vampire magi
  17 deep elf knights
  9 tengu warriors
  11 hell knights
  16 skeletal warriors
  2 iron trolls (Depths:3)
  6 flayed ghosts
  3 spriggan druids (Swamp:3)
  3 unseen horrors
  2 bunyip skeletons
  5 swamp dragons
  3 glowing orange brains
  18 deep trolls
  7 wizards
  An anaconda zombie (Crypt:2)
  A ghost moth zombie (Crypt:3)
  A golden dragon skeleton (Crypt:2)
  11 bog bodies
  6 ironbrand convokers
  16 deep elf archers
  Pikel (D:9)
  12 phantasmal warriors
  8 harpies
  19 deep elf zephyrmancers
  8 necromancers
  A wolf spider zombie (D:15)
  18 orc knights
  An anaconda skeleton (Crypt:2)
  12 orb spiders
  9 orc sorcerers
  2 manticores
  A fire giant zombie (Crypt:3)
  47 ugly things
  36 wolf spiders
  A stone giant zombie (Crypt:3)
  31 deep elf pyromancers
  A dire elephant zombie (Crypt:3)
  2 moths of wrath (Spider:4)
  A moth of wrath (shapeshifter) (Vaults:1)
  12 cyclopes
  5 will-o-the-wisps
  A goliath frog skeleton (Crypt:1)
  24 elephants
  2 centaur zombies
  A fire giant skeleton (Crypt:2)
  13 vault sentinels
  Maurice (D:10)
  2 guardian serpents
  2 naga magi
  A torpor snail (Spider:4)
  17 black mambas
  A gargoyle (D:12)
  15 cane toads
  A kobold demonologist (D:12)
  37 yaktaurs
  4 rime drakes
  A death yak skeleton (Crypt:1)
  10 komodo dragons
  5 freezing wraiths
  A grey draconian skeleton (Crypt:3)
  2 tengu conjurers
  4 guardian mummies (Crypt:3)
  A hydra zombie (Swamp:4)
  10 demonic crawlers
  2 bloated husks
  A redback zombie (D:15)
  28 jumping spiders
  5 polar bears
  8 trolls
  A green draconian skeleton (Crypt:2)
  2 wolf spider simulacra
  38 hornets
  A tarantella zombie (Crypt:1)
  Prince Ribbit (D:9)
  2 alligator zombies (Swamp:4)
  An ettin zombie (Crypt:2)
  10 blink frogs
  3 tyrant leeches
  2 saltlings (Vaults:4)
  23 slime creatures
  A raiju (shapeshifter) (Depths:1)
  5 dream sheep (Lair:6)
  A centaur simulacrum (D:15)
  A meliai zombie (D:14)
  An ice dragon skeleton (Crypt:1)
  75 redbacks
  22 spriggans
  6 flying skulls (Vaults:3)
  3 air elementals
  A shadow (D:12)
  11 wraiths
  A spriggan (shapeshifter) (Depths:3)
  11 wyverns
  An ettin skeleton (Crypt:3)
  17 water elementals
  36 tarantellas
  A black mamba zombie (Crypt:3)
  A hog (shapeshifter) (Vaults:3)
  Grum (D:8)
  A fire elemental (Elf:2)
  A basilisk (shapeshifter) (Depths:2)
  5 basilisks
  52 yaks
  A human (shapeshifter) (Vaults:1)
  3 steam dragons (Lair:6)
  4 vampire mosquitoes
  10 swamp worms
  2 yaktaur simulacra
  5 wargs
  A two-headed ogre zombie (Crypt:1)
  A deep troll zombie (Crypt:1)
  A faun zombie (Crypt:1)
  4 acid dragons
  A torturous demonspawn zombie (Crypt:1)
  63 orc warriors
  37 water moccasins
  A torturous demonspawn skeleton (Crypt:3)
  5 sky beasts
  4 swamp drakes
  6 ice beasts
  An ice beast (shapeshifter) (Depths:4)
  2 phantoms
  2 swamp dragon zombies (Swamp:4)
  A meliai simulacrum (D:15)
  A fire dragon simulacrum (Crypt:2)
  An eye of draining (D:14)
  13 boggarts
  38 ogres
  5 black bears
  A snapping turtle zombie (Crypt:2)
  A lindwurm skeleton (Crypt:1)
  A necrophage (Crypt:2)
  20 centaurs
  A hog zombie (Crypt:3)
  17 wolves
  A lemure (D:9)
  3 kobold brigands
  17 bullfrogs
  5 gnoll sergeants
  An earth elemental (Elf:3)
  A wyvern zombie (D:9)
  A yaktaur skeleton (Crypt:3)
  A wyvern skeleton (D:12)
  A raiju zombie (Crypt:2)
  3 killer bees (D:9)
  8 scorpions
  37 wights
  3 electric eels (Lair:2)
  A wolf skeleton (Crypt:3)
  A bullfrog zombie (D:12)
  A soldier ant zombie (Crypt:1)
  8 hounds
  3 jellies
  A basilisk zombie (Crypt:2)
  A gnoll shaman (D:6)
  22 orc priests
  35 orc wizards
  A bullfrog skeleton (D:8)
  6 centaur skeletons
  10 iguanas
  12 worker ants
  A killer bee zombie (D:8)
  A hound zombie (D:7)
  A mummy (Crypt:3)
  A worker ant zombie (D:11)
  27 gnolls
  13 adders
  2 shadow imps
  2 white imps
  3 ufetubi
  A worm zombie (Crypt:3)
  2 lava snake zombies
  An adder skeleton (D:8)
  An adder zombie (D:5)
  6 worms
  2 barachi zombies
  4 dart slugs
  15 leopard geckos
  113 orcs
  3 ball pythons
  A giant cockroach (D:1)
  4 goblins
  10 hobgoblins
  26 jackals
  25 kobolds
  7 quokkas
  3 bats
  10 frilled lizards
  3 leopard gecko skeletons
  5 rats
  A rat skeleton (Crypt:1)
  15 briar patches
  16 butterflies (Vaults:4)
2120 creatures vanquished.

Vanquished Creatures (collateral kills)
  An orb spider (Spider:4)
  2 wolf spiders
  A jumping spider (Spider:4)
  3 redbacks
  A tarantella (Spider:3)
  A boggart (Vaults:3)
  A gnoll (D:6)
  An orc (Vaults:3)
11 creatures vanquished.

Vanquished Creatures (others)
  Nikola (Lair:3)
  16 dancing weapons
  2 wolf spiders
  A jumping spider (Spider:1)
  A troll (Vaults:3)
  4 bloated husks
  2 tyrant leeches
  A slime creature (Depths:2)
  2 hornets (Swamp:4)
  2 redbacks (Spider:1)
  2 spriggans (Swamp:4)
  5 insubstantial wisps (Swamp:4)
  A swamp drake (Lair:6)
  An electric eel (Spider:2)
  20 foxfires
  69 fungi
  144 plants
274 creatures vanquished.

Grand Total: 2405 creatures vanquished

Notes
Turn   | Place    | Note
-------+----------+-------------------------------------------
     0 | D:1      | Chiseanne the Demonspawn Hedge Wizard began the quest for
                  | the Orb.
     0 | D:1      | Reached XP level 1. HP: 13/13 MP: 4/4
   511 | D:1      | Gained mutation: When hurt, damage is shared between your
                  | health and your magic reserves. [demonic ancestry]
   511 | D:1      | Reached XP level 2. HP: 19/19 MP: 0/6
  1582 | D:2      | Gained mutation: Your movements are slightly less
                  | encumbered by armour. (ER -2) [demonic ancestry]
  1582 | D:2      | Reached XP level 3. HP: 24/24 MP: 5/8
  1611 | D:2      | Learned a level 2 spell: Blink
  1615 | D:2      | Learned a level 3 spell: Mephitic Cloud
  2686 | D:2      | Noticed a scorpion
  2689 | D:2      | Gained mutation: You regenerate magic rapidly. [demonic
                  | ancestry]
  2689 | D:2      | Reached XP level 4. HP: 30/30 MP: 4/9
  3132 | D:3      | Gained mutation: You regenerate a little health from kills.
                  | [demonic ancestry]
  3132 | D:3      | Reached XP level 5. HP: 26/35 MP: 1/11
  3836 | D:4      | Reached skill level 1 in Air Magic
  3894 | D:4      | Found a shimmering blue altar of Sif Muna.
  4116 | D:4      | Gained mutation: Your movements are less encumbered by
                  | armour. (ER -4) [demonic ancestry]
  4116 | D:4      | Reached XP level 6. HP: 37/41 MP: 1/13
  4415 | D:4      | Reached skill level 2 in Air Magic
  4480 | D:4      | Reached skill level 5 in Spellcasting
  4675 | D:4      | Found a hide-covered altar of Uskayaw.
  4837 | D:4      | Gained mutation: You have a pair of small horns on your
                  | head. [demonic ancestry]
  4837 | D:4      | Reached XP level 7. HP: 37/46 MP: 3/14
  5006 | D:4      | Reached skill level 1 in Armour
  5341 | D:5      | Entered Level 5 of the Dungeon
  5778 | D:5      | Reached skill level 3 in Air Magic
  5875 | D:5      | Reached skill level 5 in Conjurations
  5972 | D:5      | Found a staircase to the Ecumenical Temple.
  5999 | Temple   | Entered the Ecumenical Temple
  6062 | Temple   | Became a worshipper of Gozag Ym Sagoz the Greedy
  6734 | D:5      | Reached XP level 8. HP: 47/52 MP: 14/16
  6998 | D:6      | Found Duixul's Magic Scroll Emporium.
  7036 | D:6      | Bought a scroll of fog for 26 gold pieces
  7036 | D:6      | Bought 2 scrolls of teleportation for 78 gold pieces
  7036 | D:6      | Bought a scroll of magic mapping for 45 gold pieces
  7036 | D:6      | Bought a scroll of teleportation for 39 gold pieces
  7123 | D:6      | Reached skill level 4 in Air Magic
  7331 | D:6      | Found a runed translucent gate.
  7331 | D:6      | Found a runed translucent gate.
  7331 | D:6      | Found a runed translucent gate.
  7338 | D:6      | Noticed glosham's ghost (weakling FoDe)
  7360 | D:6      | Bought a scroll of blinking for 97 gold pieces
  7569 | D:6      | Gained mutation: You have a pair of horns on your head.
                  | [demonic ancestry]
  7569 | D:6      | Reached XP level 9. HP: 57/57 MP: 12/18
  7699 | D:6      | Reached skill level 5 in Air Magic
  8209 | D:6      | Found a sacrificial altar of Ru.
  8318 | D:7      | Found a burning altar of Makhleb.
  8320 | D:7      | Found a glowing silver altar of Zin.
  8320 | D:7      | Noticed an angel
  8320 | D:7      | Noticed an Executioner
  8463 | D:7      | Found an iron altar of Okawaru.
  8463 | D:7      | Found a radiant altar of Vehumet.
  8468 | D:7      | Found a hazy altar of Hepliaklqana.
  8470 | D:7      | Found a bloodstained altar of Trog.
  8472 | D:7      | Found a sacrificial altar of Ru.
  8601 | D:7      | Found a sacrificial altar of Ru.
  8685 | D:7      | Reached skill level 5 in Armour
 10291 | D:8      | Gained mutation: Your movements are significantly less
                  | encumbered by armour. (ER -6) [demonic ancestry]
 10291 | D:8      | Reached XP level 10. HP: 61/63 MP: 7/22
 10404 | D:8      | Found a staircase to the Lair.
 10530 | D:8      | Bought a pitted broad axe for 297 gold pieces
 10531 | D:8      | Identified the cursed +1 broad axe of Teat {speed, +Inv
                  | Dex+2} (You bought it in a shop on level 8 of the Dungeon)
 10552 | D:9      | Noticed Grum
 10566 | D:8      | Killed Grum
 10804 | D:9      | Noticed Prince Ribbit
 10813 | D:9      | Killed Prince Ribbit
 10945 | D:9      | Found a radiant altar of Vehumet.
 10945 | D:9      | Noticed Erica
 10968 | D:9      | Killed Erica
 11083 | D:9      | Noticed Pikel
 11103 | D:9      | Killed Pikel
 11103 | D:9      | Reached skill level 10 in Conjurations
 11316 | D:9      | Reached skill level 1 in Translocations
 11828 | D:10     | Entered Level 10 of the Dungeon
 11921 | D:10     | Noticed Maurice
 11951 | D:10     | Killed Maurice
 11951 | D:10     | Reached skill level 1 in Fighting
 12445 | D:10     | Found a staircase to the Orcish Mines.
 12656 | D:11     | Noticed a cyclops
 12682 | D:11     | Killed a cyclops
 12682 | D:11     | Reached skill level 10 in Spellcasting
 12682 | D:11     | Reached XP level 11. HP: 67/72 MP: 16/25
 12813 | D:11     | Found a flagged portal.
 12822 | Bailey   | Entered a bailey
 13045 | Bailey   | Identified the +5 bardiche "Demonslayer" {spect, rPois rF+}
 13050 | Bailey   | Identified the +5 bardiche "Demonslayer" {spect, rPois rF+}
 13050 | Bailey   | Noticed an orc knight
 13688 | D:11     | Noticed a brown ugly thing
 13717 | D:11     | Killed a brown ugly thing
 14157 | D:11     | Noticed a centaur warrior
 14206 | D:11     | Killed a centaur warrior
 14374 | D:11     | Reached XP level 12. HP: 83/83 MP: 26/26
 14478 | D:12     | Noticed a two-headed ogre
 14512 | D:11     | Killed a two-headed ogre
 14967 | D:12     | Reached skill level 5 in Fighting
 15199 | D:12     | Noticed Nergalle
 15206 | D:12     | Reached skill level 5 in Translocations
 15742 | D:12     | Noticed an ogre mage
 15743 | D:12     | Noticed an ogre mage
 15743 | D:12     | Noticed an ogre mage
 15744 | D:12     | Noticed an ogre mage
 15753 | D:12     | Killed an ogre mage
 15757 | D:12     | Killed an ogre mage
 15757 | D:12     | Reached XP level 13. HP: 59/93 MP: 18/28
 15819 | D:12     | Killed Nergalle
 16942 | D:12     | Found the +12 glaive of Prune {vorpal}
 17023 | D:13     | Found a gate leading to a gauntlet.
 17380 | D:13     | Found a runed translucent door.
 17390 | D:13     | Noticed glosham's ghost (journeyman FoDe)
 17428 | D:13     | Got a bound marble ring
 17908 | D:13     | Found a gate to the Vaults.
 18910 | D:14     | Got an ichor-stained ring mail
 18921 | D:14     | Identified the +2 ring mail "Pogug" {Harm *Drain rC+ MP+9}
                  | (You found it on level 14 of the Dungeon)
 18922 | D:14     | Identified the ring "Qinihoza" {Ice *Contam +Fly Int+7
                  | Dex-5} (You found it on level 13 of the Dungeon)
 20066 | D:13     | Reached XP level 14. HP: 94/108 MP: 19/30
 20623 | D:15     | Entered Level 15 of the Dungeon
 21365 | D:13     | Bought the +7 captain's cutlass {speed, disarm} for 540
                  | gold pieces
 21365 | D:13     | Found the +7 captain's cutlass {speed, disarm}
 22095 | D:15     | Identified a scroll of acquirement
 22095 | D:15     | Acquired the Almanac of Attacks
 22119 | D:14     | Learned a level 3 spell: Stone Arrow
 22123 | D:14     | Learned a level 3 spell: Static Discharge
 22129 | D:14     | Learned a level 5 spell: Bolt of Magma
 22266 | D:15     | Reached skill level 1 in Fire Magic
 22266 | D:15     | Reached skill level 1 in Earth Magic
 23109 | D:15     | Found a runed translucent door.
 23562 | D:15     | Reached skill level 5 in Earth Magic
 23619 | D:15     | Got a spiked leather armour
 23648 | D:15     | Identified the +0 leather armour "Sifoch" {rC+ rN+ Int+4}
                  | (You found it on level 15 of the Dungeon)
 23950 | D:15     | Found a staircase to the Depths.
 24163 | D:15     | Bought a glimmering ring mail for 342 gold pieces
 24166 | D:15     | Identified the +4 ring mail of Hedge Wizardry {Harm Rampage
                  | rC++ Dex-4} (You bought it in a shop on level 15 of the
                  | Dungeon)
 24382 | Orc:1    | Entered Level 1 of the Orcish Mines
 24393 | Orc:1    | Noticed Snorg
 24430 | D:10     | Killed Snorg
 24488 | Orc:1    | Noticed an orc warlord
 24571 | D:10     | Killed an orc warlord
 25328 | Orc:2    | Entered Level 2 of the Orcish Mines
 25387 | Orc:2    | Found a roughly hewn altar of Beogh.
 25640 | Orc:2    | Found a staircase to the Elven Halls.
 26436 | Orc:2    | Reached XP level 15. HP: 45/115 MP: 5/31
 26993 | Orc:2    | Found Rarrudul's Weapon Emporium.
 26993 | Orc:2    | Found Qaranic's General Store.
 26996 | Orc:2    | Found Latoz's Armour Emporium.
 26996 | Orc:2    | Found Vamu Ily's Antique Armour Boutique.
 27007 | Orc:2    | Bought a scroll of blinking for 82 gold pieces
 27007 | Orc:2    | Bought a wand of digging (3) for 154 gold pieces
 27007 | Orc:2    | Bought a +2 buckler of protection for 236 gold pieces
 27356 | Lair:1   | Entered Level 1 of the Lair of Beasts
 27561 | Lair:1   | Reached skill level 10 in Earth Magic
 27905 | Lair:1   | Learned a level 6 spell: Freezing Cloud
 27928 | Lair:1   | Found a transporter.
 27930 | Lair:1   | Found a transporter.
 27935 | Lair:1   | Found a bloodstained altar of Trog.
 27939 | Lair:1   | Noticed stillor's ghost (journeyman OpTm)
 28058 | Lair:1   | Identified the +1 demon trident "Mutiewee" {vorpal, +Blink
                  | +Rage MR+}
 28113 | Lair:1   | Reached skill level 1 in Ice Magic
 28223 | Lair:1   | Got a bloodstained long sword
 28224 | Lair:1   | Identified the +8 long sword "Mawelup" {vamp, rN+ Str+4}
                  | (You found it on level 1 of the Lair of Beasts)
 28603 | Lair:2   | Found a staircase to the Swamp.
 30421 | Lair:3   | Found a hole to the Spider Nest.
 31625 | Lair:4   | Reached skill level 5 in Fire Magic
 31647 | Lair:4   | Reached skill level 5 in Ice Magic
 32794 | Lair:5   | Found a runed translucent door.
 32794 | Lair:5   | Noticed Sickboy's ghost (journeyman MiFi)
 33403 | Lair:5   | Found a staircase to the Slime Pits.
 33404 | Lair:5   | Found a viscous altar of Jiyva.
 33542 | Lair:5   | Reached skill level 6 in Air Magic
 34380 | Lair:6   | Entered Level 6 of the Lair of Beasts
 34523 | Lair:6   | Gained mutation: You have a pair of large horns on your
                  | head. [demonic ancestry]
 34523 | Lair:6   | Reached XP level 16. HP: 92/121 MP: 18/32
 34597 | Lair:6   | Reached skill level 7 in Air Magic
 35938 | Lair:6   | Reached skill level 8 in Air Magic
 37279 | D:15     | Bought a pitted leather armour for 161 gold pieces
 37279 | D:15     | Identified the cursed +1 leather armour "Huocliaq" {rElec
                  | MR+++ Regen+ Str-4} (You bought it in a shop on level 15 of
                  | the Dungeon)
 37295 | D:15     | Bought a faintly humming scale mail for 207 gold pieces
 37295 | D:15     | Identified the +6 scale mail of Hepliaklqana's Scorn {rN++
                  | Stlth+} (You bought it in a shop on level 15 of the
                  | Dungeon)
 37308 | D:15     | Bought a +2 scale mail of poison resistance for 234 gold
                  | pieces
 37308 | D:15     | Bought a +1 pair of boots of flying for 214 gold pieces
 37376 | D:15     | Bought a +0 pair of gloves of dexterity for 149 gold pieces
 37545 | D:15     | Learned a level 5 spell: Borgnjor's Vile Clutch
 37764 | Swamp:1  | Entered Level 1 of the Swamp
 37875 | Swamp:1  | Got a shimmering arbalest
 37876 | Swamp:1  | Identified the +5 arbalest of the Brain {venom, Stlth+}
                  | (You found it on level 1 of the Swamp)
 37923 | Swamp:1  | Got a smelly scale mail
 37924 | Swamp:1  | Identified the +1 scale mail of Agnosticism {rF- Regen+
                  | Int+6 SInv} (You found it on level 1 of the Swamp)
 38131 | Swamp:2  | Noticed a thorn hunter
 38394 | Swamp:1  | Reached skill level 1 in Necromancy
 38607 | Swamp:2  | Reached skill level 9 in Air Magic
 38900 | Swamp:2  | Got a shimmering spear
 38926 | Swamp:2  | Identified the +2 spear of Kosygun {freeze, rPois Dex+2
                  | SInv} (You found it on level 2 of the Swamp)
 39108 | Swamp:2  | Killed a thorn hunter
 39480 | Swamp:3  | Noticed a thorn hunter
 39964 | Swamp:2  | Killed a thorn hunter
 40413 | Swamp:3  | Reached skill level 10 in Air Magic
 40669 | Swamp:4  | Entered Level 4 of the Swamp
 40670 | Swamp:4  | Noticed a thorn hunter
 40969 | Swamp:4  | Killed a thorn hunter
 42451 | Swamp:4  | Noticed a thorn hunter
 42518 | Swamp:4  | Killed a thorn hunter
 42984 | Swamp:4  | Reached XP level 17. HP: 123/127 MP: 15/33
 43048 | Swamp:4  | Reached skill level 10 in Ice Magic
 43957 | Swamp:4  | Noticed Mara
 43971 | Swamp:4  | Noticed Chiseanne's illusion
 44365 | Swamp:4  | Noticed a bone dragon
 44368 | Swamp:4  | Got a decaying rune of Zot
 44991 | D:15     | Bought a polished tower shield for 351 gold pieces
 45005 | D:15     | Identified the +4 tower shield of the Sneaky Princes {rPois
                  | SInv} (You bought it in a shop on level 15 of the Dungeon)
 45045 | D:15     | Bought a polished plate armour for 1064 gold pieces
 45057 | D:15     | Identified the +4 plate armour of Protective Custody
                  | {Int+6} (You bought it in a shop on level 15 of the
                  | Dungeon)
 45127 | D:15     | Upgraded the game from 0.26-a0-800-g517d6fe721 to
                  | 0.26-a0-812-g31a745ddcd
 45379 | Spider:1 | Entered Level 1 of the Spider Nest
 45389 | Spider:1 | Reached skill level 11 in Air Magic
 45669 | Spider:1 | Noticed Nikola
 45780 | Lair:3   | Killed Nikola
 46167 | Spider:1 | Noticed Aizul
 46313 | Lair:3   | Killed Aizul
 46734 | Spider:1 | Found a runed translucent door.
 46734 | Spider:1 | Noticed Nuosuj's ghost (adept OgHu)
 47552 | Spider:2 | Reached skill level 12 in Air Magic
 47556 | Spider:2 | Reached skill level 5 in Necromancy
 47751 | Spider:2 | You are sucked into a shaft and drop 1 floor!
 50141 | Spider:4 | Entered Level 4 of the Spider Nest
 50154 | Spider:4 | Noticed Arachne
 50206 | Spider:3 | Killed Arachne
 50500 | Spider:4 | Reached skill level 13 in Air Magic
 50652 | Spider:4 | Gained mutation: Your magical and physical power is
                  | slightly enhanced at high health. [demonic ancestry]
 50652 | Spider:4 | Reached XP level 18. HP: 94/134 MP: 14/34
 50760 | Spider:3 | HP: 10/201 [poisoned by a ghost moth]
 50765 | Spider:3 | HP: 5/134 [poisoned by a ghost moth]
 51401 | Spider:3 | HP: 9/201 [ghost moth (8)]
 51401 | Spider:3 | HP: 3/201 [ghost moth (6)]
 53459 | Spider:4 | Got a fine dire flail
 53460 | Spider:4 | Identified the +9 dire flail of the Moon {vorpal, rC+++ rN+
                  | MP-9 Dex+2} (You found it on level 4 of the Spider Nest)
 53487 | Spider:4 | Got a gossamer rune of Zot
 53974 | D:15     | Upgraded the game from 0.26-a0-812-g31a745ddcd to
                  | 0.26-a0-937-g67df3f2acb
 54032 | Vaults:1 | Entered Level 1 of the Vaults
 54217 | D:13     | Reached skill level 10 in Fighting
 54561 | Vaults:1 | Gained mutation: You are weak. (Str -2) [a neqoxec]
 55443 | Vaults:1 | Identified the +6 kite shield "Bide" {MR+}
 55463 | Vaults:1 | Reached skill level 5 in Dodging
 55484 | Vaults:1 | HP: 5/136 [ice dragon (illusionary)/blast of cold (49)]
 55520 | Vaults:1 | Reached XP level 19. HP: 35/142 MP: 6/36
 60200 | Vaults:2 | Found Ypaoloso's Book Shoppe.
 60897 | Vaults:2 | Upgraded the game from 0.26-a0-937-g67df3f2acb to
                  | 0.26-a0-958-gf3041fb45f
 60901 | Vaults:3 | Found Rovep's Magic Scroll Emporium.
 60905 | Vaults:3 | Bought a scroll of enchant weapon for 97 gold pieces
 60905 | Vaults:3 | Bought a scroll of enchant armour for 97 gold pieces
 60907 | Vaults:3 | Bought a scroll of enchant weapon for 97 gold pieces
 60907 | Vaults:3 | Bought a scroll of blinking for 97 gold pieces
 60907 | Vaults:3 | Bought a scroll of magic mapping for 45 gold pieces
 60907 | Vaults:3 | Bought a scroll of identify for 26 gold pieces
 60907 | Vaults:3 | Bought a scroll of fog for 26 gold pieces
 60907 | Vaults:3 | Bought a scroll of identify for 26 gold pieces
 60907 | Vaults:3 | Bought a scroll of identify for 26 gold pieces
 60907 | Vaults:3 | Bought a scroll of magic mapping for 45 gold pieces
 60907 | Vaults:3 | Bought a scroll of identify for 26 gold pieces
 60907 | Vaults:3 | Bought a scroll of brand weapon for 260 gold pieces
 60907 | Vaults:3 | Bought a scroll of amnesia for 45 gold pieces
 61311 | Vaults:3 | Reached skill level 10 in Shields
 63018 | Vaults:2 | Paralysed by a vampire knight for 3 turns
 63826 | Vaults:3 | Reached XP level 20. HP: 121/153 MP: 20/38
 64376 | Vaults:3 | Found a staircase to the Crypt.
 64482 | Vaults:3 | Reached skill level 15 in Spellcasting
 65015 | D:15     | Bought a twisted robe for 199 gold pieces
 65016 | D:15     | Identified the cursed +1 robe of Dishonour {rN+ MR+++ Str-5
                  | Slay+5} (You bought it in a shop on level 15 of the
                  | Dungeon)
 65237 | D:15     | Upgraded the game from 0.26-a0-958-gf3041fb45f to
                  | 0.27-a0-100-gf312352147
 65363 | Vaults:4 | Found a huge runed gate.
 65363 | Vaults:4 | Found a huge runed gate.
 65363 | Vaults:4 | Found a huge runed gate.
 65363 | Vaults:4 | Found a huge runed gate.
 65363 | Vaults:4 | Found a huge runed gate.
 65364 | Vaults:4 | Found a huge runed gate.
 65364 | Vaults:4 | Found a huge runed gate.
 65364 | Vaults:4 | Found a huge runed gate.
 65364 | Vaults:4 | Found a huge runed gate.
 65364 | Vaults:4 | Found a huge runed gate.
 65955 | Vaults:4 | Found a huge runed gate.
 65955 | Vaults:4 | Found a huge runed gate.
 65955 | Vaults:4 | Found a huge runed gate.
 65955 | Vaults:4 | Found a huge runed gate.
 65974 | Vaults:4 | Found a huge runed gate.
 65974 | Vaults:4 | Found a huge runed gate.
 65974 | Vaults:4 | Found a huge runed gate.
 65974 | Vaults:4 | Found a huge runed gate.
 65974 | Vaults:4 | Found a huge runed gate.
 65974 | Vaults:4 | Found a huge runed gate.
 65974 | Vaults:4 | Found a huge runed gate.
 65975 | Vaults:4 | Found a huge runed gate.
 65976 | Vaults:4 | Found a huge runed gate.
 66610 | Vaults:4 | Found a huge runed gate.
 66611 | Vaults:4 | Found a huge runed gate.
 66612 | Vaults:4 | Found a huge runed gate.
 66613 | Vaults:4 | Found a huge runed gate.
 66614 | Vaults:4 | Found a huge runed gate.
 66622 | Vaults:4 | Found a huge runed gate.
 66622 | Vaults:4 | Found a huge runed gate.
 66622 | Vaults:4 | Found a huge runed gate.
 66622 | Vaults:4 | Found a huge runed gate.
 66622 | Vaults:4 | Found a huge runed gate.
 66622 | Vaults:4 | Found a huge runed gate.
 66622 | Vaults:4 | Found a huge runed gate.
 66677 | Vaults:4 | Found a huge runed gate.
 67318 | Crypt:1  | Entered Level 1 of the Crypt
 69623 | Crypt:1  | Learned a level 6 spell: Statue Form
 69837 | Crypt:1  | Upgraded the game from 0.27-a0-100-gf312352147 to
                  | 0.27-a0-237-g52650a7530
 70599 | Crypt:2  | HP: 4/144 [ghoul (18)]
 71149 | Crypt:2  | Noticed a royal mummy
 71585 | Crypt:1  | Acquired a book of the Sky
 72914 | Crypt:2  | Noticed Khufu
 73036 | Crypt:2  | Noticed a royal mummy
 73039 | Crypt:3  | Entered Level 3 of the Crypt
 74051 | Depths:1 | Entered Level 1 of the Depths
 74241 | Depths:1 | Reached skill level 14 in Air Magic
 74334 | Depths:1 | Found Kuet's Magic Scroll Shoppe.
 74342 | Depths:1 | Bought a scroll of teleportation for 36 gold pieces
 74342 | Depths:1 | Bought a scroll of teleportation for 36 gold pieces
 74342 | Depths:1 | Bought a scroll of magic mapping for 42 gold pieces
 74389 | Depths:1 | Gained mutation: You regenerate health from kills. [demonic
                  | ancestry]
 74389 | Depths:1 | Reached XP level 21. HP: 125/159 MP: 8/40
 75576 | Depths:1 | Got a steaming leather armour
 75577 | Depths:1 | Identified the +2 leather armour of Huezel {-Tele rPois
                  | Int+4} (You found it on level 1 of the Depths)
 76082 | Depths:1 | Found a gateway to Hell.
 76358 | Depths:1 | Found a runed translucent door.
 76360 | Depths:1 | Found the ring of the Tortoise {AC+8}
 78337 | Depths:2 | You are sucked into a shaft and drop 2 floors!
 78341 | Depths:4 | Found Mottoimn's Book Boutique.
 78341 | Depths:4 | Found a snail-covered altar of Cheibriados.
 78662 | Depths:4 | Reached skill level 15 in Air Magic
 78770 | Depths:4 | Bought a book of Frost for 490 gold pieces
 78774 | Depths:4 | Learned a level 3 spell: Frozen Ramparts
 78779 | Depths:4 | Learned a level 4 spell: Hailstorm
 78807 | Depths:4 | Acquired the amulet of Qiemawk {RegenMP Str+3}
 79106 | Depths:4 | Identified the cursed +1 rapier of Courage {freeze, Str+6
                  | Int+3}
 79290 | Depths:4 | Noticed a juggernaut
 79290 | Depths:4 | Noticed Margery
 79573 | Depths:4 | Found a one-way gate to the infinite horrors of the Abyss.
 79577 | Depths:4 | Found a runed translucent door.
 79578 | Depths:4 | Found a shimmering altar of Xom.
 79578 | Depths:4 | Noticed Tacsoot's ghost (adept DrGl)
 80747 | Depths:4 | Killed Margery
 80748 | Depths:4 | Gained mutation: Your magical and physical power is
                  | enhanced at high health. [demonic ancestry]
 80748 | Depths:4 | Reached XP level 22. HP: 84/166 MP: 2/41
 81221 | Depths:4 | Killed a juggernaut
 81416 | Depths:3 | Noticed a caustic shrike
 81416 | Depths:3 | Noticed a golden dragon
 81416 | Depths:3 | Noticed a caustic shrike
 81416 | Depths:3 | Noticed a caustic shrike
 81416 | Depths:3 | Noticed a caustic shrike
 81416 | Depths:3 | Noticed a caustic shrike
 81444 | Depths:4 | Killed a caustic shrike
 81447 | Depths:4 | Killed a caustic shrike
 81449 | Depths:4 | Killed a caustic shrike
 81855 | Depths:3 | Found a one-way gate leading to the halls of Pandemonium.
 81930 | Depths:3 | Found a gateway to a ziggurat.
 82852 | Depths:3 | HP: 5/166 [acid (7)]
 83351 | Depths:3 | Killed a caustic shrike
 83677 | Depths:3 | Noticed a golden dragon
 83688 | Depths:3 | Killed a golden dragon
 83689 | Depths:3 | Reached skill level 16 in Air Magic
 83709 | Depths:3 | Killed a caustic shrike
 84131 | Depths:3 | Reached skill level 15 in Shields
 84402 | Depths:3 | Killed a golden dragon
 84524 | Depths:3 | Got a jewelled trident
 84525 | Depths:3 | Identified the +4 trident "Demonbane" {antimagic, rPois
                  | rF++ rN+ Will+} (You found it on level 3 of the Depths)
 85440 | Depths:2 | Reached skill level 15 in Earth Magic
 86574 | D:15     | Upgraded the game from 0.27-a0-237-g52650a7530 to
                  | 0.27-a0-245-g075faa5519
 86850 | Depths:5 | Entered Level 5 of the Depths
 86902 | Depths:5 | Reached XP level 23. HP: 172/172 MP: 18/42
 87439 | Depths:5 | Acquired 829 gold pieces
 87496 | Depths:5 | Found Zen Nihe's Antique Armour Shop.
 87500 | Depths:5 | Found Viruig's Assorted Antiques.
 87501 | Depths:5 | Found Upeujapn's Gadget Shop.
 87510 | Depths:5 | Bought a potion of heal wounds for 200 gold pieces
 87510 | Depths:5 | Bought 2 blue potions for 72 gold pieces
 87510 | Depths:5 | Bought a scroll of magic mapping for 140 gold pieces
 88468 | Depths:5 | Found a gate to the Realm of Zot.
 89114 | Elf:1    | Entered Level 1 of the Elven Halls
 89556 | Elf:1    | Reached skill level 17 in Air Magic
 90755 | Elf:1    | Noticed Louise
 90762 | Elf:1    | Killed Louise
 91561 | Elf:2    | Found a huge runed translucent gate.
 91561 | Elf:2    | Found a huge runed translucent gate.
 91566 | Elf:2    | Found a huge runed translucent gate.
 91567 | Elf:2    | Found a huge runed translucent gate.
 91568 | Elf:2    | Found a huge runed translucent gate.
 92162 | Elf:3    | Entered Level 3 of the Elven Halls
 92174 | Elf:3    | Found Vosuk's Jewellery Shoppe.
 92178 | Elf:3    | Noticed Asterion
 92187 | Elf:3    | Killed Asterion
 93853 | Elf:3    | Identified the cursed +1 mace "Hajeib" {freeze, rElec rN+
                  | Dex+4}
 94088 | Elf:3    | Identified the ring "Jiuhyiru" {rN+ Int+6 Dex+4}
 94285 | Elf:3    | Gained mutation: Your magical and physical power is greatly
                  | enhanced at high health. [demonic ancestry]
 94285 | Elf:3    | Reached XP level 24. HP: 178/178 MP: 22/42
 94625 | Elf:3    | Identified the Volume of Pessimism
 94926 | Elf:3    | Found Xoef's Book Shoppe.
 95836 | Depths:5 | Upgraded the game from 0.27-a0-245-g075faa5519 to
                  | 0.27-a0-328-g7f782ed93a
 98333 | Crypt:3  | Reached skill level 18 in Air Magic
 98623 | D:15     | Bought twisted storm dragon scales for 1955 gold pieces
 98624 | D:15     | Identified the +9 storm dragon scales of the Known World
                  | {rElec rF++ Str+2} (You bought it in a shop on level 15 of
                  | the Dungeon)
 99604 | Crypt:2  | Killed a royal mummy
 99808 | Crypt:3  | Reached skill level 1 in Transmutations
100156 | Crypt:3  | Found a staircase to the Tomb.
100412 | Crypt:3  | Reached skill level 5 in Transmutations
100582 | Crypt:3  | Noticed a dread lich
100589 | Crypt:3  | Noticed a dread lich
100606 | Crypt:3  | Killed a dread lich
100624 | Crypt:3  | HP: 7/261 [Hell Sentinel[a dread lich] (18)]
100624 | Crypt:3  | Killed from afar by a lich

Illustrated notes

Levels and vault maps discovered:
D:1:      dpeg_arrival_simpleton_b, layout_loops_ring
D:2:      layout_rooms, roderic_roman_lattice
D:3:      layout_loops_ring
D:4:      layout_gridville, lemuel_round_altar, lemuel_blue_sif_altar,
          kennysheep_generic_room_14
D:5:      minmay_skewed_foursquare, layout_basic,
          minmay_temple_entry_junction_2, minmay_misc_feat_encased
D:6:      layout_cave_pools, ebering_ghost_rock_garden, serial_gnoll_camp,
          gnoll_camp_huts_basic, gnoll_camp_mini_hut, gnoll_camp_mini_shop,
          gnoll_camp_mini_basic, nicolae_ru_path_of_blood
D:7:      layout_basic, grunt_temple_overflow_order_and_chaos_2,
          chequers_temple_overflow_minitemple, basic_altar
D:8:      layout_cave_pools, erik_lair_orcish_takeover, minmay_fractal_squares_5
D:9:      layout_loops_ring, vehumet_altar_wand_db, uniq_erica, uniq_grum,
          uniq_pikel, uniq_prince_ribbit1
D:10:     layout_loops_ring, orc_0_dummy, minmay_stone_trees_small, uniq_maurice
D:11:     layout_grid_maze, enter_bailey_8
D:12:     layout_layer_cave, minmay_guarded_unrand_prune, uniq_nergalle
D:13:     layout_gridville, lightli_vaults_fourway_checkpoint,
          ebering_ghost_reflecting_pool, gauntlet_entry_generic
D:14:     layout_gridville, nrook_campfire
D:15:     grunt_enter_depths_magical_seal, layout_cave_pools,
          chequers_decorated_corner, minivault_13
Temple:   cyrus_circular_temple
Lair:1:   layout_chaotic_city, gammafunk_ghost_wrathful_warriors,
          wad_woods_road_03, patterned_corridor
Lair:2:   layout_cave_pods, minmay_swamp_entry_eels, grunt_forest_stairs_basic,
          grunt_megastairs_2
Lair:3:   beast_lair_carwin_large_1, layout_layer_cave,
          spider_nest_entry_web_field, minivault_27
Lair:4:   layout_regular_city, grunt_megastairs_4, infiniplex_staircase_pool_2
Lair:5:   beast_lair_carwin_large_3, layout_long_grid, slime_altar_1,
          ebering_ghost_inner_flame
Lair:6:   guppyfry_lair_end_dragon, layout_long_grid,
          hangedman_lair_tendril_chambers
Swamp:1:  layout_basic_swamp, evilmike_swamp_ruin_wall, swamp_pool5
Swamp:2:  layout_falls_marsh, lemuel_altar_in_water, swamp_pool1
Swamp:3:  layout_basic_swamp, serial_swamp_ruin, evilmike_swamp_ruin_rubble_2,
          evilmike_swamp_ruin_house_5
Swamp:4:  swamp_pestilence, layout_basic_swamp, uniq_mara
Spider:1: layout_spider_delve, ebering_ghost_inner_flame, drop_trap, uniq_aizul,
          uniq_nikola
Spider:2: layout_spider_delve, lemuel_hornet_nest
Spider:3: layout_spider_delve, einodemon_crawler_minivault
Spider:4: johnstein_spider_rune_arachne_lair
Orc:1:    layout_diamond_mine, nicolae_orc_lava_room, uniq_snorg
Orc:2:    grunt_orc_tribal_feast, layout_diamond_mine, nicolae_orc_stony_grotto,
          kennysheep_orc_chapel
Elf:1:    layout_gridlike, hangedman_elf_represent, sword_in_stone, uniq_louise
Elf:2:    layout_rooms
Elf:3:    minmay_elf_hall_x, layout_onion_city, serial_shops,
          nicolae_shop_trees, abandoned_shop, drop_trap,
          minmay_shop_enchanted_jewellery, uniq_asterion
Vaults:1: nicolae_vaults_stairing_the_circle, nicolae_vaults_quartermaster,
          ontoclasm_vaults_misaligned, vaults_room_grunt_arrival_ludios,
          v_misc_1, vaults_dpeg_cross, vaults_mumra_hex,
          hangedman_vaults_impose, ontoclasm_vaults_chip,
          nicolae_vaults_little_squares_5, v_misc_2, vaults_dpeg_diagonal,
          grunt_vaults_hallway_short, layout_vaults_big_room
Vaults:2: vaults_standard_mumra_x, v_misc_26, nicolae_vaults_an_arrangement,
          v_misc_10, hangedman_vaults_nails, vaults_room_octagon,
          nicolae_vaults_little_squares_4, hangedman_vaults_slice,
          v_alt_pattern_2, layout_vaults_omnicross, serial_shops, shop
Vaults:3: v_misc_26, v_misc_16, grunt_vaults_focal,
          minmay_crypt_entry_simple_round, vaults_room_ringed_pool,
          ontoclasm_vaults_bender, nicolae_vaults_network_quinsquares
          [nicolae_vaults_network_quincunx_subvault,
          nicolae_vaults_network_quincunx_subvault,
          nicolae_vaults_network_quincunx_subvault,
          nicolae_vaults_network_quincunx_subvault],
          nicolae_vaults_little_squares_2, nicolae_vaults_network_periphery,
          nicolae_vaults_alarming, nicolae_vaults_three_branches,
          vaults_standard_mumra_lines, nicolae_vaults_know_your_exits,
          nicolae_vaults_little_squares_3, layout_vaults_omnibox, serial_shops,
          shop
Vaults:4: nicolae_vaults_twisting_passages, v_alt_pattern_1,
          hangedman_vaults_corner_blocks, hangedman_vaults_stream,
          vaults_not_door_vault_mu, ontoclasm_vaults_misaligned,
          nicolae_vaults_network_s, nicolae_vaults_circle_grid_a, v_misc_23,
          v_misc_19, nicolae_vaults_angled_halls, nicolae_vaults_back_hallway,
          vaults_room_stairs_pillars, v_misc_19, layout_vaults_maze_bifur,
          portal_desolation_entry_salt
Crypt:1:  layout_gridlike, st_stairs_12
Crypt:2:  layout_chaotic_city, serial_sigils, serial_sigils_hangedman_confine,
          serial_sigils_hangedman_gut, serial_sigils_hangedman_gnaw,
          serial_sigils_hangedman_snap, serial_sigils_hangedman_clutch,
          serial_sigils_hangedman_quiver, uniq_khufu
Crypt:3:  david_glass_crypt, layout_misc_corridors, tomb_entry_simple_bobbens
Depths:1: layout_forbidden_donut, serial_shops, shop_statue, hell_entry,
          eino_small_chamber_without_monster, ebering_dispersal_statue_hall,
          nicolae_wwwww, hangedman_decor_peaks_small, minmay_crystal_box,
          serial_bayou_shore_b
Depths:2: minmay_stepped, layout_cave_pools, hell_entry,
          amcnicky_mini_pool_small, serial_bayou, serial_bayou_lagoon_a,
          serial_bayou_pond_b, serial_bayou_shore_b, serial_bayou_crossing,
          kennysheep_generic_room_8
Depths:3: grunt_runaround [grunt_runaround_doors_1, grunt_runaround_doors_2,
          grunt_runaround_doors_3, grunt_runaround_doors_4,
          grunt_runaround_loot], serial_shops, hell_entry, pan_entry
Depths:4: minmay_the_grid_3x2 [minmay_the_grid_empty, minmay_the_grid_paths,
          minmay_the_grid_broken_lines, minmay_the_grid_x,
          minmay_the_grid_plusring,
          minmay_the_grid_prize_four_corners_diamond_b], layout_cave_pools,
          serial_shops, nicolae_shop_crystal, ebering_ghost_xom, abyss_entry,
          hell_entry, minmay_variable_closet, cheibriados_altar_1, uniq_margery
Depths:5: evilmike_zot_entry_gauntlet, layout_cave_shapes,
          abyss_entry_small_statue_room, pf_hell_entry_tar_spiral,
          minmay_misc_feat_x, minmay_shop_star

Skill      XL: |  1  2  3  4  5  6  7  8  9 10 11 12 13 14 15 16 17 18 19 20 21 22 23 24 |
---------------+-------------------------------------------------------------------------+-----
Conjurations   | 2 3 4 5 6 8 10 11 13 | 13.4
Spellcasting   | 4 5 6 8 10 11 12 13 14 15 | 15.0
Air Magic      | 1 2 3 4 5 6 10 13 14 15 16 17 18 | 18.1
Armour         | 2 4 5 6 7 |  7.5
Translocations | 2 4 5 |  5.0
Fighting       | 2 4 5 9 10 12 | 12.2
Shields        | 7 8 10 12 14 15 16 17 | 17.2
Fire Magic     | 1 5 |  5.0
Earth Magic    | 9 10 12 13 15 16 | 16.9
Ice Magic      | 7 9 11 12 | 12.0
Necromancy     | 3 5 |  5.0
Dodging        | 5 7 |  7.4
Transmutations | 8 |  8.9
Stealth        | |  1.7
Summonings     | |  1.0

Action                   |  1- 3 |  4- 6 |  7- 9 | 10-12 | 13-15 | 16-18 | 19-21 | 22-24 || total
-------------------------+-------+-------+-------+-------+-------+-------+-------+-------++-------
Melee: Dagger            |     8 |       |       |    14 |       |       |       |       ||    22
       Whip              |    72 |    44 |       |       |       |       |       |       ||   116
       Long sword        |       |       |   154 |    48 |       |   256 |     6 |    10 ||   474
       Spear             |       |       |    17 |       |       |       |       |       ||    17
       Headbutt          |       |       |    40 |    89 |   257 |   237 |   244 |    43 ||   910
       Rapier            |       |       |       |   393 |  1056 |   885 |   420 |    46 ||  2800
       Flail             |       |       |       |    60 |    38 |       |       |       ||    98
       Cutlass           |       |       |       |       |    47 |    32 |   661 |       ||   740
       Scimitar          |       |       |       |       |    19 |       |       |       ||    19
       Quick blade       |       |       |       |       |       |       |       |    98 ||    98
       Staff             |       |       |       |       |       |       |       |     9 ||     9
Throw: Dart              |       |       |    46 |    32 |     3 |       |     2 |     5 ||    88
       Boomerang         |       |       |       |       |     8 |    11 |    14 |     2 ||    35
 Cast: Magic Dart        |    87 |   162 |   464 |   228 |   374 |   205 |   118 |    91 ||  1729
       Mephitic Cloud    |       |     2 |    24 |    57 |   156 |   105 |    73 |    20 ||   437
       Blink             |       |     1 |     7 |    11 |    74 |    30 |     3 |     6 ||   132
       Stone Arrow       |       |       |       |       |   376 |   319 |   333 |   215 ||  1243
       Static Discharge  |       |       |       |       |     2 |       |    17 |     6 ||    25
       Bolt of Magma     |       |       |       |       |    29 |    97 |   112 |   114 ||   352
       Freezing Cloud    |       |       |       |       |     5 |    78 |   119 |   160 ||   362
       Borgnjor's Vile C |       |       |       |       |       |    56 |   159 |   285 ||   500
       Frozen Ramparts   |       |       |       |       |       |       |     1 |       ||     1
       Statue Form       |       |       |       |       |       |       |       |     1 ||     1
Invok: Call Merchant     |       |       |       |     1 |     2 |     4 |     2 |     1 ||    10
       Potion Petition   |       |       |       |       |       |     2 |       |       ||     2
Evoke: Wand              |       |     1 |     7 |     3 |    38 |    31 |    25 |     3 ||   108
       Tin of tremorston |       |       |       |       |     4 |     3 |     8 |       ||    15
       Phial of floods   |       |       |       |       |     1 |     3 |     3 |     1 ||     8
       Box of beasts     |       |       |       |       |       |     5 |     5 |       ||    10
       Condenser vane    |       |       |       |       |       |     3 |     3 |     1 ||     7
  Use: Scroll            |     4 |     5 |    15 |    10 |    15 |    33 |    30 |    18 ||   130
       Potion            |       |       |       |     3 |     2 |    26 |     9 |     6 ||    46
 Stab: Sleeping          |     1 |     2 |       |     1 |     1 |     1 |     2 |       ||     8
       Confused          |       |     1 |    11 |    11 |    53 |    43 |    24 |     1 ||   144
       Distracted        |       |       |       |     2 |     7 |     6 |     6 |     1 ||    22
       Paralysed         |       |       |       |       |    20 |       |       |       ||    20
       Held in net/web   |       |       |       |       |       |     2 |       |       ||     2
       Invisible         |       |       |       |       |       |     1 |       |       ||     1
Armor: Robe              |    13 |       |       |       |       |       |       |       ||    13
       Leather armour    |       |    18 |       |       |   129 |    36 |   165 |    56 ||   404
       Ring mail         |       |     6 |   102 |   177 |   202 |       |       |       ||   487
       Scale mail        |       |       |       |       |       |   577 |   161 |       ||   738
       Skin              |       |       |       |       |       |    85 |       |     6 ||    91
Dodge: Dodged            |    56 |    51 |   268 |   498 |   894 |  1462 |   763 |   138 ||  4130
Block: Kite shield       |       |       |       |   135 |   468 |       |       |       ||   603
       Buckler           |       |       |       |       |   221 |   850 |   279 |       ||  1350
       Tower shield      |       |       |       |       |       |       |   818 |   405 ||  1223
       Rpst.: Long sword |       |       |    67 |    18 |       |    38 |       |     1 ||   124
       Scimitar          |       |       |       |       |     1 |       |       |       ||     1

Table legend: (Time is in decaauts)
 A = Elapsed time spent in this place.
 B = Non-inter-level travel time spent in this place.
 C = Inter-level travel time spent in this place.
 D = Time resting spent in this place.
 E = Time spent auto-exploring this place.
 F = Levels seen in this place.
 G = Mean time per level.
                   A        B        C        D        E       F      G
               +--------+--------+--------+--------+--------+-----+--------+
         Total | 101689 |  96404 |   5285 |  45404 |  23388 |  48 | 2118.5 |
       Dungeon |  28397 |  26048 |   2349 |   8806 |   9105 |  15 | 1893.1 |
        Temple |     74 |     63 |     11 |      0 |     55 |   1 |   74.0 |
          Lair |  11312 |  10671 |    641 |   3361 |   4534 |   6 | 1885.3 |
         Swamp |   7094 |   7045 |     49 |   4845 |    407 |   4 | 1773.5 |
   Spider Nest |   7402 |   7178 |    224 |   3488 |   1033 |   4 | 1850.5 |
  Orcish Mines |   2770 |   2618 |    152 |    785 |    671 |   2 | 1385.0 |
   Elven Halls |   5955 |   5841 |    114 |   3352 |   1306 |   3 | 1985.0 |
        Vaults |  15037 |  14311 |    726 |   7374 |   2992 |   4 | 3759.2 |
         Crypt |   8709 |   8486 |    223 |   5088 |   1255 |   3 | 2903.0 |
        Depths |  14675 |  13883 |    792 |   8294 |   2029 |   5 | 2935.0 |
        Bailey |    261 |    261 |      0 |      8 |      0 |   1 |  261.0 |
               +--------+--------+--------+--------+--------+-----+--------+

Top non-repeatable levels by time:
Vaults:2: 5374 daAuts
Vaults:3: 5227 daAuts
 Crypt:1: 4337 daAuts
Depths:3: 3985 daAuts
    D:13: 3809 daAuts
    D:15: 3777 daAuts
Depths:4: 3650 daAuts
Spider:3: 3504 daAuts
 Swamp:3: 3155 daAuts
   Elf:3: 2996 daAuts
Depths:1: 2896 daAuts
Vaults:1: 2807 daAuts
    D:12: 2771 daAuts
  Lair:6: 2665 daAuts
  Lair:3: 2527 daAuts
